 Dungeon Crawl Stone Soup version 0.23-a0-14-g8c9a20f (webtiles) character file.

228 TheOrbIsALie the Insei (level 5, 0/52 HPs)
             Began as a Demonspawn Wizard on Aug 2, 2018.
             Succumbed to an orc wizard's poison
             ... on level 3 of the Dungeon.
             The game lasted 00:06:08 (3454 turns).

TheOrbIsALie the Insei (Demonspawn Wizard)          Turns: 3454, Time: 00:06:09

Health: 0/52       AC:  3    Str: 13    XL:     5   Next: 70%
Magic:  10/10      EV: 12    Int: 19    God:
Gold:   148        SH:  0    Dex: 12    Spells: 10/11 levels left

rFire    + . .     SeeInvis .     - Unarmed
rCold    x . .     Gourm    .   (no shield)
rNeg     . . .     Faith    .   f - +0 robe (curse)
rPois    .         Spirit   +   c - +0 helmet
rElec    .         Reflect  .   (no cloak)
rCorr    .         Harm     .   (no gloves)
MR       .....                  (no boots)
Stlth    ..........             (no amulet)
HPRegen  0.17/turn              h - ring of fire
MPRegen  0.12/turn              (no ring)

@: berserking (expiring), lethally poisoned (0 -> -30), very slightly
contaminated, very quick
A: claws 1, magic shield
a: no special abilities


You were on level 3 of the Dungeon.
You were hungry.

You visited 1 branch of the dungeon, and saw 3 of its levels.

You collected 148 gold pieces.

Inventory:

Armour
 a - a +0 robe
 b - a +0 hat
 c - a +0 helmet (worn)
 f - a cursed +0 robe (worn)
Jewellery
 h - a ring of fire (left claw)
Scrolls
 e - a scroll of fog {unknown}
 i - a scroll of fear {unknown}
 l - a scroll of remove curse {unknown}
Potions
 g - a potion of haste
 k - a potion of might {unknown}
 m - a potion of ambrosia
Comestibles
 d - 5 rations


   Skills:
 - Level 1.8 Dodging
 - Level 1.7 Stealth
 - Level 4.2 Unarmed Combat
 - Level 3.5 Spellcasting
 + Level 2.2 Conjurations
   Level 1.0 Summonings
   Level 0.8 Translocations


You had 10 spell levels left.
You knew the following spells:

 Your Spells              Type           Power        Failure   Level  Hunger
a - Magic Dart            Conj           ##..         6%          1    None

Your spell library contained the following spells:

 Spells                   Type           Power        Failure   Level  Hunger
 Conjure Flame            Conj/Fire      ##......     26%         3    ###....
 Slow                     Hex            #.......     22%         2    ##.....
 Mephitic Cloud           Conj/Pois/Air  #.......     32%         3    ###....
 Blink                    Tloc           N/A          16%         2    ##.....
 Call Imp                 Summ           #.......     14%         2    ##.....


Dungeon Overview and Level Annotations

Branches:
Dungeon (3/15)

Altars:


Innate Abilities, Weirdness & Mutations

You have sharp fingernails.
When hurt, damage is shared between your health and your magic reserves.


Message History

* * * LOW HITPOINT WARNING * * *
You feel sick.
You miss the adder.
* * * LOW HITPOINT WARNING * * *
You feel sick. The adder barely misses you.
You scratch the adder.
The adder is heavily wounded.
* * * LOW HITPOINT WARNING * * *
You feel sick. The adder closely misses you.
You closely miss the adder.
The adder is heavily wounded.
* * * LOW HITPOINT WARNING * * *
You feel sick.
You claw the adder!
You kill the adder!
* * * LOW HITPOINT WARNING * * *
You feel sick.
You scratch the ball python.
The ball python is heavily wounded.
You die...

## .. #.##.##.# # #.###.
#.##.##.# #..S.S #.##.##.#
###....## #.##.##.#
#.......# #.......# #
#.......# #.......# ##
#.......# #.##.##.###.
####...#########.#...#.##..
.'......)SS@.............'..
.####...#########.....#.##..
##.## #.##.##.###. #.
#.#####.# ## #. #.#####.# #
## #.......# #.####### #.#
#.#########


You could see 2 ball pythons.

Vanquished Creatures
  An orc wizard (D:3)
  8 gnolls
  5 adders
  2 oozes (D:1)
  An adder skeleton (D:2)
  4 dart slugs
  6 orcs (D:3)
  5 giant cockroaches
  7 hobgoblins
  2 ball pythons
  3 bats
  A frilled lizard (D:1)
  3 goblins
  5 kobolds
  10 rats
63 creatures vanquished.

Vanquished Creatures (others)
  3 plants (D:3)
3 creatures vanquished.

Grand Total: 66 creatures vanquished

Notes
Turn   | Place    | Note
-------+----------+-------------------------------------------
     0 | D:1      | TheOrbIsALie the Demonspawn Wizard began the quest for the Orb.
     0 | D:1      | Reached XP level 1. HP: 13/13 MP: 4/4
   277 | D:1      | Gained mutation: You have sharp fingernails. [demonic ancestry]
   277 | D:1      | Reached XP level 2. HP: 13/19 MP: 0/6
   533 | D:1      | Reached skill level 1 in Unarmed Combat
  1267 | D:1      | Gained mutation: When hurt, damage is shared between your health and your magic reserves. [demonic ancestry]
  1267 | D:1      | Reached XP level 3. HP: 21/24 MP: 1/8
  1574 | D:2      | Reached skill level 2 in Unarmed Combat
  2114 | D:2      | Reached XP level 4. HP: 30/30 MP: 4/9
  2126 | D:2      | Reached skill level 3 in Unarmed Combat
  3163 | D:3      | Reached XP level 5. HP: 18/35 MP: 0/10
  3177 | D:3      | Reached skill level 4 in Unarmed Combat
  3453 | D:3      | HP: 1/52 [poisoned by an orc wizard]
  3454 | D:3      | Succumbed to an orc wizard's poison

Vault maps used:
D:1:      erik_arrival_gehennom, skrybe_limestone_x, st_stairs_9,
          minmay_misc_feat_rows
D:2:      wad_river_or_something, serial_glass, glass_columns_c,
          glass_columns_b, glass_columns_b, glass_columns_a
D:3:      cheibrodos_helix_gallery, grunt_ministairs_2, st_stairs_5,
          minmay_shallow_snake_nest

Skill      XL: |  1  2  3  4  5 |
---------------+----------------+-----
Unarmed Combat | 1 2 3 4 |  4.2
Conjurations   | 2 |  2.2
Dodging        | |  1.8
Stealth        | |  1.7
Spellcasting   | |  3.5
Summonings     | |  1.0
Translocations | |  0.8

Action                   |  1- 3 |  4- 6 || total
-------------------------+-------+-------++-------
Melee: Unarmed           |    63 |    76 ||   139
       Punch             |     1 |       ||     1
 Cast: Magic Dart        |    74 |    76 ||   150
  Use: Potion            |     3 |     4 ||     7
 Stab: Sleeping          |     2 |     3 ||     5
  Eat: Chunk             |     3 |     4 ||     7
Armor: Robe              |    20 |    11 ||    31
       Skin              |     1 |       ||     1
Dodge: Dodged            |    41 |    44 ||    85

Table legend:
 A = Spawn XP
 B = Non-spawn XP
 C = Spawn XP percentage of total XP
 D = Spawn monster count
 E = Non-spawn monster count
 F = Spawn count percentage of total count
 G = Total turns spent on level
                    A         B        C        D         E        F      G
               +---------+---------+-------+---------+---------+-------+---------
         Total |       0 |     326 |   0.0 |       0 |      63 |   0.0 |  3454
               +---------+---------+-------+---------+---------+-------+---------
           D:1 |       0 |      45 |   0.0 |       0 |      20 |   0.0 |  1482
           D:2 |       0 |     134 |   0.0 |       0 |      26 |   0.0 |  1565
           D:3 |       0 |     147 |   0.0 |       0 |      17 |   0.0 |   407
               +---------+---------+-------+---------+---------+-------+---------
